 Dungeon Crawl Stone Soup version 0.19.1 (webtiles) character file.

79 bollicks1999 the Skirmisher (level 4, -1/29 HPs)
             Began as a Gargoyle Fighter on Dec 24, 2016.
             Slain by Sigmund
             ... wielding a +0 scythe
              (3 damage)
             ... on level 3 of the Dungeon.
             The game lasted 00:03:32 (1534 turns).

bollicks1999 the Skirmisher (Gargoyle Fighter)      Turns: 1534, Time: 00:03:33

Health: -1/29      AC: 10    Str: 20    XL:     4   Next: 38%
Magic:  4/4        EV:  7    Int:  8    God:
Gold:   120        SH: 10    Dex: 10    Spells: 0 memorised, 3 levels left

rFire  . . .     SeeInvis .     j - +2 flail (protect)
rCold  . . .     Gourm    .     b - +0 scale mail
rNeg   + . .     Faith    .     c - +1 shield
rPois  ∞         Spirit   .     (no helmet)
rElec  +         Reflect  .     (no cloak)
rCorr  .         Harm     .     (no gloves)
MR     .....                    (no boots)
Stlth  ..........               (no amulet)
                                (no ring)
                                (no ring)

@: exhausted, hasted and slowed
A: negative energy resistance 1, electricity resistance, unbreathing,
petrification resistance, rot immunity, AC +3
a: no special abilities


You were on level 3 of the Dungeon.
You were not hungry.

You visited 1 branch of the dungeon, and saw 3 of its levels.

You collected 120 gold pieces.

Inventory:

Hand Weapons
 j - a +2 flail of protection (weapon)
Armour
 b - a +0 scale mail (worn)
 c - a +1 shield (worn)
Scrolls
 a - a scroll of noise {unknown}
 h - a scroll of fog
 l - 2 scrolls of remove curse
Potions
 d - a potion of might
 n - a potion of curing {unknown}
Comestibles
 f - 3 bread rations
 i - 3 meat rations
 m - a royal jelly
 p - a beef jerky


   Skills:
 + Level 3.9 Fighting
 + Level 2.8 Maces & Flails
 + Level 3.8 Armour
 + Level 0.5 Dodging
 + Level 3.8 Shields


You had 3 spell levels left.
You didn't know any spells.

Dungeon Overview and Level Annotations

Branches:
Dungeon (3/15)

Altars:
Nemelex Xobeh

Annotations:
D:3 Sigmund


Innate Abilities, Weirdness & Mutations

You are resistant to torment.
Your stone body is resilient. (AC +3)
You are immune to poison.
You resist negative energy. (rN+)
You are resistant to electric shocks. (rElec)
You can survive without breathing.
You are immune to petrification.
You are immune to rotting.


Message History

There is an open door, spattered with blood here.
Things that are here:
a jackal corpse; a bat corpse
Okay, then.
A magic dart appears from out of thin air!
The magic dart hits you!
You hear some strange, mumbled words.
Something tries to affect you, but you resist.
You hear some strange, mumbled words.
Something tries to affect you, but you resist.
A puff of flame appears from out of thin air!
The puff of flame hits you!
* * * LOW HITPOINT WARNING * * *
A magic dart appears from out of thin air!
The magic dart hits you!
As you read the scroll of fog, it crumbles to dust.
The scroll dissolves into smoke.
Okay, then.
It was a potion of haste.
You feel yourself speed up. Something hits you.
You die...

#.......## ##.##.#
.........####...#.########.
.........†.................
.........####....†...#
#.......## #.§#.§##.#
##.....## #.#§#§##.#
##...## #.##{###.# ####+###
#.##§# #.# ...>...#
#.##@###.# ####.#.####
#.§§§§...#
.......##.######§#####
.......#.#.......#
##.....#..########
###....##.# ###..#.##.#
.......##.# ###.......#


There were no monsters in sight!

Vanquished Creatures
  2 adders (D:2)
  2 dart slugs
  5 orcs (D:3)
  2 giant cockroaches
  8 goblins
  4 hobgoblins
  6 jackals
  A ball python (D:2)
  4 bats
  5 frilled lizards
  6 kobolds
  4 rats
49 creatures vanquished.

Notes
Turn   | Place    | Note
-------+----------+-------------------------------------------
     0 | D:1      | bollicks1999 the Gargoyle Fighter began the quest for the Orb.
     0 | D:1      | Reached XP level 1. HP: 14/14 MP: 1/1
   103 | D:1      | Reached XP level 2. HP: 18/19 MP: 2/2
   636 | D:2      | Found a sparkling altar of Nemelex Xobeh.
   679 | D:2      | Reached XP level 3. HP: 20/24 MP: 3/3
   979 | D:2      | Reached XP level 4. HP: 24/29 MP: 4/4
  1506 | D:3      | Noticed Sigmund
  1530 | D:3      | HP: 1/29 [something/puff of flame (3)]
  1534 | D:3      | Slain by Sigmund

Action                   |  1- 3 |  4- 6 || total
-------------------------+-------+-------++-------
Melee: Flail             |   131 |    52 ||   183
  Use: Scroll            |     4 |     4 ||     8
       Potion            |       |     2 ||     2
  Eat: Chunk             |     1 |     1 ||     2
Armor: Scale mail        |    96 |    23 ||   119
Dodge: Dodged            |    57 |     9 ||    66
Block: Shield            |    82 |    27 ||   109
